 Dungeon Crawl Stone Soup version 0.22.1-1-ga44c0e5 (webtiles) character file.

478 harcile the Covered (level 7, -2/60 HPs)
             Began as a Hill Orc Fighter on Oct 30, 2018.
             Was an Initiate of Trog.
             Killed by divine providence
             ... invoked by an orc priest
              (8 damage)
             ... on level 4 of the Dungeon.
             The game lasted 00:09:30 (4052 turns).

harcile the Covered (Hill Orc Fighter)              Turns: 4052, Time: 00:09:30

Health: -2/60      AC:  9    Str: 25    XL:     7   Next: 11%
Magic:  7/7        EV: 10    Int:  8    God:    Trog [......]
Gold:   172        SH:  6    Dex: 11    Spells: 6/6 levels left

rFire    . . .     SeeInvis .   a - +0 long sword
rCold    . . .     Gourm    .   n - +2 buckler
rNeg     . . .     Faith    .   b - +0 scale mail
rPois    .         Spirit   .   (no helmet)
rElec    .         Reflect  .   p - +0 cloak
rCorr    .         Harm     .   (no gloves)
MR       .....                  j - +0 pair of boots (curse)
Stlth    ..........             (no amulet)
HPRegen  0.20/turn              (no ring)
MPRegen  0.10/turn              (no ring)

@: mighty
A: no striking features
a: Renounce Religion, Convert to Beogh


You were on level 4 of the Dungeon.
You worshipped Trog.
Trog was noncommittal.
You were not hungry.

You visited 1 branch of the dungeon, and saw 4 of its levels.

You collected 172 gold pieces.

Inventory:

Hand Weapons
 a - a +0 long sword (weapon)
 g - a +4 quarterstaff of chaos
 t - a cursed -2 trident
Armour
 b - a +0 scale mail (worn)
 c - a +0 shield
 j - a cursed +0 pair of boots (worn)
 n - a +2 buckler (worn)
 p - a +0 cloak (worn)
 r - a +0 leather armour of cold resistance
Wands
 h - a wand of polymorph (13)
Scrolls
 e - 3 scrolls of identify {unknown}
 k - 2 scrolls of remove curse {unknown}
 u - a scroll of noise {unknown}
 v - a scroll of magic mapping {unknown}
Potions
 i - a potion of brilliance {unknown}
 l - a potion of cancellation {unknown}
 o - a potion of haste {unknown}
 q - a potion of flight {unknown}
 s - a potion of agility {unknown}
Comestibles
 f - 12 rations
 m - a chunk of flesh


   Skills:
 + Level 4.8 Fighting
 + Level 5.2 Long Blades
 + Level 5.3 Armour
 - Level 1.0 Dodging
 + Level 0.2 Stealth
 + Level 4.3 Shields


You had 6 spell levels left.
You didn't know any spells.
Your spell library was empty.

Dungeon Overview and Level Annotations

Branches:
Dungeon (4/15)
 Temple: D:4-7

Altars:
Qazlal
Ru
Trog

Annotations:
D:4 Edmund


Message History

Edmund is lightly wounded.
Edmund hits you with a dire flail of protection!
* * * LOW HITPOINT WARNING * * *
You hit Edmund but do no damage.
Edmund is lightly wounded.
Edmund hits you with a dire flail of protection!
* * * LOW HITPOINT WARNING * * *
You feel very mighty all of a sudden. Edmund hits you but does no damage.
You slash Edmund!
Edmund is heavily wounded.
Edmund barely misses you.
You riposte.
The orc priest threatens, "By the altar or by the axe, you will meet Beogh!"
You slash Edmund!
Edmund is heavily wounded.
You slash Edmund!
Edmund is severely wounded.
The orc priest calls down the wrath of Beogh upon you.
Beogh smites you!
You die...

........#
.......#
......# .....
... #[#
....[...#o#
........#@#
........#@#
........#.#
........#.#
........#.#
........#'#####
..............#
..............#
..............#
#####.........#


You could see Edmund and an orc priest.

Vanquished Creatures
  Sigmund (D:3)
  A howler monkey (D:3)
  Crazy Yiuf (D:2)
  An orc wizard (D:3)
  A worker ant (D:4)
  Natasha (thrice) (D:2)
  3 adders
  3 worms (D:2)
  2 dart slugs
  2 leopard geckos
  11 orcs
  5 bats
  4 giant cockroaches
  11 goblins
  11 hobgoblins
  2 quokkas (D:2)
  A ball python (D:3)
  4 frilled lizards
  11 kobolds
  11 rats
  13 plants (D:1)
102 creatures vanquished.

Notes
Turn   | Place    | Note
-------+----------+-------------------------------------------
     0 | D:1      | harcile the Hill Orc Fighter began the quest for the Orb.
     0 | D:1      | Reached XP level 1. HP: 19/19 MP: 1/1
    98 | D:1      | Reached XP level 2. HP: 13/27 MP: 2/2
   571 | D:1      | Reached XP level 3. HP: 31/33 MP: 3/3
  1275 | D:2      | Noticed Natasha
  1286 | D:2      | Killed Natasha
  1286 | D:2      | Reached XP level 4. HP: 10/40 MP: 4/4
  1688 | D:2      | Noticed Natasha
  1697 | D:2      | Killed Natasha
  1734 | D:2      | Found a runed door.
  1921 | D:2      | Noticed Natasha
  1927 | D:2      | Killed Natasha
  1927 | D:2      | Reached XP level 5. HP: 46/46 MP: 5/5
  2190 | D:2      | Noticed Crazy Yiuf
  2206 | D:2      | Killed Crazy Yiuf
  2656 | D:3      | Reached XP level 6. HP: 23/53 MP: 6/6
  2885 | D:3      | Noticed a moth of wrath
  2888 | D:3      | Found a bloodstained altar of Trog.
  3115 | D:3      | Noticed Sigmund
  3131 | D:3      | Killed Sigmund
  3131 | D:3      | Reached skill level 5 in Armour
  3131 | D:3      | Reached skill level 1 in Dodging
  3362 | D:3      | Reached skill level 5 in Long Blades
  3362 | D:3      | Reached XP level 7. HP: 44/60 MP: 7/7
  3760 | D:3      | Found a bloodstained altar of Trog.
  3764 | D:3      | Became a worshipper of Trog the Wrathful
  3767 | D:3      | Found a stormy altar of Qazlal.
  3771 | D:3      | Found a sacrificial altar of Ru.
  4032 | D:4      | Noticed Edmund
  4052 | D:4      | Killed from afar by an orc priest

Skill      XL: |  1  2  3  4  5  6 |
---------------+-------------------+-----
Fighting       | 4 |  4.8
Long Blades    | 3 4 5 |  5.2
Armour         | 4 5 |  5.3
Shields        | 4 |  4.3
Dodging        | 1 |  1.0
Stealth        | |  0.2

Action                   |  1- 3 |  4- 6 |  7- 9 || total
-------------------------+-------+-------+-------++-------
Melee: Long sword        |   447 |   182 |    33 ||   662
  Use: Potion            |       |     1 |     1 ||     2
  Eat: Ration            |     1 |       |       ||     1
       Chunk             |       |     6 |     3 ||     9
Armor: Scale mail        |    45 |    60 |     5 ||   110
Dodge: Dodged            |    26 |    62 |    11 ||    99
Block: Shield            |    48 |    10 |       ||    58
       Buckler           |       |    26 |     9 ||    35
       Rpst.: Long sword |    10 |    19 |     5 ||    34
